SOB
GUADALAJARA MARIANCHIS @ PUERTO BARRIOS GENERALS
01/13/1982
 
TOP OF THE 1ST
Guadalajara Marianchis batting - Pitching for Puerto Barrios Generals : RHP Tim Burke
Pitching: RHP Tim Burke
Batting: SHB Michael Frierson 0-0: Reached on error, E1 (Groundball, 13, EV 43.8 MPH)
Batting: RHB Antonio Alicea 0-0: Called Strike
0-1: Ball
1-1: Foul Ball, location: 2F
1-2: Ground out 6-3 (Groundball, 6, EV 85.0 MPH)
Michael Frierson to third
Batting: LHB Jim Eppard 0-0: Ground out 4-3 (Groundball, 4M, EV 91.9 MPH)
Michael Frierson scores
Batting: LHB Sam Nattile 0-0: Ball
1-0: DOUBLE (Line Drive, 9LD, EV 106.3 MPH)
Batting: RHB Michael Lavery 0-0: Called Strike
0-1: Swinging Strike
0-2: Strikes out looking
Top of the 1st over - 1 run, 1 hit, 1 error, 1 left on base; Guadalajara 1 - Puerto Barrios 0
BOTTOM OF THE 1ST
Puerto Barrios Generals batting - Pitching for Guadalajara Marianchis : RHP Bradley Barclay
Pitching: RHP Bradley Barclay
Batting: LHB Andy Guerrero 0-0: Called Strike
0-1: Ball
1-1: Foul Ball, location: 2F
1-2: Fly out, F7 (Flyball, 8LS, EV 85.6 MPH)
Batting: RHB Mark Sproesser 0-0: Called Strike
0-1: Ball
1-1: Called Strike
1-2: Strikes out looking
Batting: LHB Ty Gainey 0-0: Foul Ball, location: 2F
0-1: Ball
1-1: Ball
2-1: Foul Ball, location: 2F
2-2: Strikes out swinging
Bottom of the 1st over - 0 runs, 0 hits, 0 errors, 0 left on base; Guadalajara 1 - Puerto Barrios 0
TOP OF THE 2ND
Guadalajara Marianchis batting - Pitching for Puerto Barrios Generals : RHP Tim Burke
Batting: RHB Mark Maher 0-0: Ball
1-0: Ball
2-0: Called Strike
2-1: Foul Ball, location: 2F
2-2: Ball
3-2: Foul Ball, location: 2F
3-2: Base on Balls
Batting: RHB Kevin Harvey 0-0: Foul Ball, location: 2F
0-1: Fly out, F6 (Line Drive, 6, EV 68.1 MPH)
Batting: LHB John Shoemaker Pickoff Throw to First - Out! 1-3
0-0: Foul Ball, location: 2F
0-1: Swinging Strike
0-2: Strikes out swinging
Top of the 2nd over - 0 runs, 0 hits, 0 errors, 0 left on base; Guadalajara 1 - Puerto Barrios 0
BOTTOM OF THE 2ND
Puerto Barrios Generals batting - Pitching for Guadalajara Marianchis : RHP Bradley Barclay
Batting: LHB Randy Bush 0-0: Called Strike
0-1: Swinging Strike
0-2: Strikes out swinging
Batting: LHB Pedro Rabassa 0-0: Foul Ball, location: 2F
0-1: Ball
1-1: Ball
2-1: Foul Ball, location: 2F
2-2: Ball
3-2: Foul Ball, location: 2F
3-2: Ground out U3 (Groundball, 3S, EV 81.9 MPH)
Batting: SHB Doug Baker 0-0: Called Strike
0-1: Foul Ball, location: 2F
0-2: SINGLE (Line Drive, 89S, EV 104.4 MPH)
Batting: LHB Martino Martin 0-0: SINGLE (Groundball, 56S, EV 66.9 MPH) (infield hit)
Doug Baker to second
Batting: RHB Gabe Morales 0-0: Ball
1-0: Ball
2-0: Called Strike
2-1: Ground out U3 (Groundball, 3L, EV 101.9 MPH)
Bottom of the 2nd over - 0 runs, 2 hits, 0 errors, 2 left on base; Guadalajara 1 - Puerto Barrios 0
TOP OF THE 3RD
Guadalajara Marianchis batting - Pitching for Puerto Barrios Generals : RHP Tim Burke
Batting: RHB Ronald Lindberg 0-0: Ground out 6-3 (Groundball, 6, EV 87.5 MPH)
Batting: SHB Michael Frierson 0-0: Foul Ball, location: 2F
0-1: Swinging Strike
0-2: Ball
1-2: Strikes out swinging
Batting: RHB Antonio Alicea 0-0: Foul Ball, location: 2F
0-1: Ball
1-1: Ground out 6-3 (Groundball, 6MS, EV 63.8 MPH)
Top of the 3rd over - 0 runs, 0 hits, 0 errors, 0 left on base; Guadalajara 1 - Puerto Barrios 0
BOTTOM OF THE 3RD
Puerto Barrios Generals batting - Pitching for Guadalajara Marianchis : RHP Bradley Barclay
Batting: LHB Alex Mata 0-0: Ball
1-0: SINGLE (Groundball, 4MS, EV 69.4 MPH) (infield hit)
Batting: LHB Andy Guerrero 0-0: Called Strike
0-1: Fielders Choice at 2nd, 6-4 (Groundball, 6, EV 82.5 MPH)
Batting: RHB Mark Sproesser 0-0: Called Strike
0-1: Ball
Andy Guerrero steals 2nd base (no throw)
1-1: Ball
2-1: Foul Ball, location: 2F
2-2: Ball
3-2: Base on Balls
Batting: LHB Ty Gainey 0-0: Ball
1-0: Ball
2-0: Ball
3-0: Base on Balls
Andy Guerrero to third
Mark Sproesser to second
Batting: LHB Randy Bush 0-0: Fly out, F9 (Flyball, 89M, EV 85.0 MPH)
Runner from 3rd tags up, SCORES, no throw by RF
Batting: LHB Pedro Rabassa 0-0: Foul Ball, location: 2F
0-1: Ball
1-1: SINGLE (Groundball, 34D, EV 104.4 MPH)
Mark Sproesser to third
Ty Gainey to second
Runner from 3rd tries for Home, SAFE, throw by RF to home
Batting: SHB Doug Baker 0-0: Ball
1-0: Ball
2-0: Ground out 4-3 (Groundball, 4, EV 81.3 MPH)
Bottom of the 3rd over - 2 runs, 2 hits, 0 errors, 2 left on base; Guadalajara 1 - Puerto Barrios 2
TOP OF THE 4TH
Guadalajara Marianchis batting - Pitching for Puerto Barrios Generals : RHP Tim Burke
Batting: LHB Jim Eppard 0-0: Ball
1-0: Ball
2-0: Foul Ball, location: 2F
2-1: Ball
3-1: Foul Ball, location: 2F
3-2: Fly out, F8 (Line Drive, 8LM, EV 93.1 MPH)
Batting: LHB Sam Nattile 0-0: Called Strike
0-1: Ball
1-1: Swinging Strike
1-2: Foul Ball, location: 2F
1-2: Ball
2-2: Ground out 5-3 (Groundball, 56, EV 96.9 MPH)
Batting: RHB Michael Lavery 0-0: Ball
1-0: Foul Ball, location: 2F
1-1: Ball
2-1: Swinging Strike
2-2: Ball
3-2: Strikes out swinging
Top of the 4th over - 0 runs, 0 hits, 0 errors, 0 left on base; Guadalajara 1 - Puerto Barrios 2
BOTTOM OF THE 4TH
Puerto Barrios Generals batting - Pitching for Guadalajara Marianchis : RHP Bradley Barclay
Batting: LHB Martino Martin 0-0: Ball
1-0: SINGLE (Groundball, 6M, EV 101.3 MPH) (infield hit)
Batting: RHB Gabe Morales 0-0: Ball
1-0: Called Strike
1-1: Ball
2-1: Fly out, F8 (Flyball, 8RD, EV 92.5 MPH)
Batting: LHB Alex Mata 0-0: Fielders Choice at 2nd, 6-4 (Groundball, 6, EV 102.5 MPH)
Batting: LHB Andy Guerrero 0-0: Called Strike
0-1: Ball
1-1: Fly out, F7 (Flyball, 78D, EV 101.3 MPH)
Bottom of the 4th over - 0 runs, 1 hit, 0 errors, 1 left on base; Guadalajara 1 - Puerto Barrios 2
TOP OF THE 5TH
Guadalajara Marianchis batting - Pitching for Puerto Barrios Generals : RHP Tim Burke
Batting: RHB Mark Maher 0-0: Ball
1-0: Ball
2-0: Ball
3-0: Called Strike
3-1: Foul Ball, location: 2F
3-2: Strikes out swinging
Batting: RHB Kevin Harvey 0-0: Called Strike
0-1: Swinging Strike
0-2: Ball
1-2: Foul Ball, location: 2F
1-2: Ground out 3-1 (Groundball, 34, EV 101.9 MPH)
Batting: LHB John Shoemaker 0-0: Ball
1-0: Foul Ball, location: 2F
1-1: Ball
2-1: Ball
3-1: Base on Balls
Batting: RHB Ronald Lindberg 0-0: Foul Ball, location: 2F
0-1: Fly out, F7 (Flyball, 78S, EV 73.8 MPH)
Top of the 5th over - 0 runs, 0 hits, 0 errors, 1 left on base; Guadalajara 1 - Puerto Barrios 2
BOTTOM OF THE 5TH
Puerto Barrios Generals batting - Pitching for Guadalajara Marianchis : RHP Bradley Barclay
Batting: RHB Mark Sproesser 0-0: Ground out 2-3 (Groundball, 15S, EV 71.9 MPH)
Batting: LHB Ty Gainey 0-0: Ball
1-0: Swinging Strike
1-1: Fly out, F7 (Flyball, 7D, EV 90.0 MPH)
Batting: LHB Randy Bush 0-0: Called Strike
0-1: Fly out, F8 (Flyball, 8LM, EV 81.3 MPH)
Bottom of the 5th over - 0 runs, 0 hits, 0 errors, 0 left on base; Guadalajara 1 - Puerto Barrios 2
TOP OF THE 6TH
Guadalajara Marianchis batting - Pitching for Puerto Barrios Generals : RHP Tim Burke
Batting: SHB Michael Frierson 0-0: Ball
1-0: Ground out 6-3 (Groundball, 6, EV 90.0 MPH)
Batting: RHB Antonio Alicea 0-0: Foul Ball, location: 2F
0-1: Ball
1-1: Foul Ball, location: 2F
1-2: Strikes out swinging
Batting: LHB Jim Eppard 0-0: TRIPLE (Line Drive, 89XD, EV 102.5 MPH)
Batting: LHB Sam Nattile 0-0: Ball
1-0: Fly out, F5 (Flyball, 5D, EV 86.3 MPH)
Top of the 6th over - 0 runs, 1 hit, 0 errors, 1 left on base; Guadalajara 1 - Puerto Barrios 2
BOTTOM OF THE 6TH
Puerto Barrios Generals batting - Pitching for Guadalajara Marianchis : RHP Bradley Barclay
Batting: LHB Pedro Rabassa 0-0: SINGLE (Groundball, 34D, EV 110.0 MPH)
Batting: SHB Doug Baker 0-0: Grounds into double play, 4-6-3 (Groundball, 34, EV 101.9 MPH)
Batting: LHB Martino Martin 0-0: Fly out, F5 (Popup, 5, EV 80.0 MPH)
Bottom of the 6th over - 0 runs, 1 hit, 0 errors, 0 left on base; Guadalajara 1 - Puerto Barrios 2
TOP OF THE 7TH
Guadalajara Marianchis batting - Pitching for Puerto Barrios Generals : RHP Tim Burke
Batting: RHB Michael Lavery 0-0: Ball
1-0: Called Strike
1-1: Called Strike
1-2: Ball
2-2: Fly out, F9 (Flyball, 9LM, EV 101.9 MPH)
Batting: RHB Mark Maher 0-0: Ball
1-0: Ground out 6-3 (Groundball, 6, EV 98.8 MPH)
Batting: RHB Kevin Harvey 0-0: Ball
1-0: Reached on error, E4 (Groundball, 34, EV 81.3 MPH)
Batting: LHB John Shoemaker 0-0: Ball
1-0: Foul Ball, location: 2F
1-1: SINGLE (Line Drive, 89S, EV 103.1 MPH)
Kevin Harvey to second
Runner from 2nd tries for 3rd, SAFE, throw by RF made to third
Batting: RHB Ronald Lindberg 0-0: Foul Ball, location: 2F
0-1: Ball
1-1: Foul Ball, location: 2F
1-2: Foul Ball, location: 2F
1-2: Reached on error, E6 (Groundball, 6, EV 88.1 MPH)
Kevin Harvey scores
John Shoemaker to second
Batting: SHB Michael Frierson 0-0: Ball
1-0: Foul Ball, location: 2F
1-1: Foul Ball, location: 2F
1-2: Ball
2-2: Hit by Pitch
John Shoemaker to third
Ronald Lindberg to second
Batting: RHB Antonio Alicea 0-0: Ball
1-0: SINGLE (Line Drive, 34, EV 104.4 MPH)
John Shoemaker scores
Ronald Lindberg to third
Michael Frierson to second
Runner from 3rd tries for Home, SAFE, throw by RF to home
Batting: LHB Jim Eppard 0-0: Ball
Michael Frierson steals 3rd base (no throw)
1-0: Foul Ball, location: 2F
1-1: Ball
2-1: Fly out, F7 (Flyball, 7S, EV 95.6 MPH)
Top of the 7th over - 3 runs, 2 hits, 2 errors, 2 left on base; Guadalajara 4 - Puerto Barrios 2
BOTTOM OF THE 7TH
Puerto Barrios Generals batting - Pitching for Guadalajara Marianchis : RHP Bradley Barclay
Batting: RHB Gabe Morales 0-0: Ball
1-0: Swinging Strike
1-1: Swinging Strike
1-2: Foul Ball, location: 2F
1-2: Foul Ball, location: 2F
1-2: Ball
2-2: Strikes out swinging
Batting: LHB Alex Mata 0-0: Ball
1-0: Called Strike
1-1: Ground out 6-3 (Groundball, 56D, EV 101.3 MPH)
Batting: LHB Andy Guerrero 0-0: Swinging Strike
0-1: Foul Ball, location: 2F
0-2: Strikes out looking
Bottom of the 7th over - 0 runs, 0 hits, 0 errors, 0 left on base; Guadalajara 4 - Puerto Barrios 2
TOP OF THE 8TH
Guadalajara Marianchis batting - Pitching for Puerto Barrios Generals : RHP Tim Burke
Batting: LHB Sam Nattile 0-0: Ball
1-0: Foul Ball, location: 2F
1-1: Fly out, F8 (Line Drive, 8LM, EV 90.0 MPH)
Batting: RHB Michael Lavery 0-0: Ball
1-0: Swinging Strike
1-1: Ball
2-1: Foul Ball, location: 2F
2-2: Strikes out swinging
Batting: RHB Mark Maher 0-0: Called Strike
0-1: Ball
1-1: Ball
2-1: Swinging Strike
2-2: Strikes out swinging
Top of the 8th over - 0 runs, 0 hits, 0 errors, 0 left on base; Guadalajara 4 - Puerto Barrios 2
BOTTOM OF THE 8TH
Puerto Barrios Generals batting - Pitching for Guadalajara Marianchis : RHP Bradley Barclay
Batting: RHB Mark Sproesser 0-0: Ground out 4-3 (Groundball, 4, EV 85.0 MPH)
Batting: LHB Ty Gainey 0-0: Foul Ball, location: 2F
0-1: Ball
1-1: Ball
2-1: Ball
3-1: Base on Balls
Batting: LHB Randy Bush 0-0: Ball
1-0: Swinging Strike
1-1: Fly out, F6 (Popup, 6, EV 66.3 MPH)
Batting: LHB Pedro Rabassa 0-0: SINGLE (Groundball, 6M, EV 85.0 MPH) (infield hit)
Ty Gainey to second
Pinch Hitting: LHB Jerald Hammermeister 0-0: Ball
1-0: Ground out 6-3 (Groundball, 6M, EV 102.5 MPH)
Bottom of the 8th over - 0 runs, 1 hit, 0 errors, 2 left on base; Guadalajara 4 - Puerto Barrios 2
TOP OF THE 9TH
Guadalajara Marianchis batting - Pitching for Puerto Barrios Generals : RHP Tim Burke
Now at 3B: Jerald Hammermeister
Batting: RHB Kevin Harvey 0-0: Ball
1-0: Ball
2-0: Fly out, F3 (Popup, 3SF, EV 69.4 MPH)
Batting: LHB John Shoemaker 0-0: DOUBLE (Line Drive, 78M, EV 93.1 MPH)
Batting: RHB Ronald Lindberg 0-0: Ball
1-0: Called Strike
1-1: Ball
2-1: Ball
3-1: Called Strike
3-2: Foul Ball, location: 2F
3-2: Strikes out swinging
Batting: SHB Michael Frierson 0-0: Ball
1-0: Ball
2-0: Ball
3-0: Base on Balls
Batting: RHB Antonio Alicea 0-0: Ball
Wild Pitch!
John Shoemaker to third
Michael Frierson to second
1-0: Ground out 6-3 (Groundball, P, EV 85.0 MPH)
Top of the 9th over - 0 runs, 1 hit, 0 errors, 2 left on base; Guadalajara 4 - Puerto Barrios 2
BOTTOM OF THE 9TH
Puerto Barrios Generals batting - Pitching for Guadalajara Marianchis : RHP Bradley Barclay
Pitching: RHP Marc Campbell
Batting: LHB Martino Martin 0-0: Ball
1-0: Ball
2-0: Foul Ball, location: 2F
2-1: Called Strike
2-2: Strikes out looking
Batting: RHB Gabe Morales 0-0: Called Strike
0-1: Ball
1-1: Called Strike
1-2: Ball
2-2: Foul Ball, location: 2F
2-2: Ball
3-2: Foul Ball, location: 2F
3-2: Fly out, F8 (Line Drive, 8LD, EV 91.9 MPH)
Batting: LHB Alex Mata 0-0: Called Strike
0-1: Hit by Pitch
Batting: LHB Andy Guerrero 0-0: Called Strike
0-1: Called Strike
0-2: Ground out 2-3 (Groundball, 2L, EV 69.4 MPH)
Bottom of the 9th over - 0 runs, 0 hits, 0 errors, 1 left on base; Guadalajara 4 - Puerto Barrios 2
Tuesday, July 7th, 2020 - OOTP Baseball 21.4 Build 63